Map: Cerulean Fall LE

Players

Beastyqt

  • Race: Protoss Protoss
  • League: Grandmaster
  • Spawn Location: 7:00

A.I. 1 (Very Easy) - Winner!

  • Race: Terran Terran
  • Spawn Location: 1:00

VOD

Have the link to the VOD?

Description

Time

  • Played on: Dec. 7, 2018, 10:10 a.m.
  • Length: 9:47
Show
View Real Time Build Order
Export as new Build Order

Beastyqt Protoss 

Build Orders: 1 Gate Expand, Double Forge, Blink Stalkers, Chargelot Immortal 

Get SALT Encoding   

  12  0:00  Probe  
  13  0:12  Probe  
  14  0:20  Pylon  
  14  0:25  Probe  
  15  0:35  Probe  
  15  0:39  Gateway  
  16  0:43  Probe  
  16  0:49  Assimilator  
  17  0:52  Probe  
  19  1:04  Probe  
  19  1:16  Probe  
  20  1:26  Cybernetics Core  
  20  1:28  Probe  
  21  1:38  Nexus  
  21  1:46  Pylon  
  21  1:50  Assimilator  
  21  1:52  Probe  
  22  1:55  Adept  
  22  2:04  Probe  
  22  2:07  Warp Gate  
  25  2:12  Stalker  
  25  2:16  Probe  
  28  2:28  Probe  
  29  2:30  Pylon  
  29  2:37  Blink, Twilight Council  
  29  2:44  Stalker  
  29  2:48  Probe  
  29  2:50  Probe  
  33  3:00  Probe  
  33  3:02  Probe  
  35  3:12  Probe  
  36  3:16  Probe  
  35  3:20  Stalker  
  35  3:24  Probe  
  38  3:28  Probe  
  38  3:32  Gateway  
  39  3:34  Gateway  
  39  3:37  Probe  
  39  3:40  Probe  
  41  3:49  Probe  
  41  3:50  Robotics Facility  
  41  3:52  Probe  
  43  4:01  Probe  
  44  4:04  Probe  
  45  4:10  Nexus  
  45  4:14  Pylon  
  45  4:15  Probe  
  46  4:18  Probe  
  46  4:22  Stalker  
  49  4:27  Assimilator  
  49  4:28  Probe  
  50  4:40  Observer  
  50  4:42  Forge  
  50  4:43  Forge  
  50  4:44  Pylon  
  51  4:46  Probe  
  51  4:49  Protoss Ground Weapons Level 1  
  51  4:50  Protoss Ground Armor Level 1, Stalker x2  
  56  4:55  Stalker  
  56  4:57  Probe  
  56  4:58  Probe  
  60  5:03  Observer  
  61  5:08  Gateway x2  
  61  5:20  Gateway  
  61  5:25  Gateway  
  61  5:29  Gateway  
  61  5:33  Probe x3  
  64  5:43  Immortal  
  64  5:44  Sentry  
  64  5:45  Probe  
  64  5:48  Probe x2  
  73  5:57  Probe  
  73  6:00  Probe, Charge  
  75  6:05  Pylon x2  
  75  6:07  Probe  
  75  6:09  Probe  
  75  6:11  Pylon  
  77  6:13  Probe  
  77  6:17  Protoss Ground Weapons Level 2  
  78  6:18  Pylon  
  78  6:19  Probe  
  78  6:20  Pylon  
  78  6:21  Protoss Ground Armor Level 2  
  78  6:22  Immortal  
  83  6:27  Zealot x2  
  83  6:28  Zealot  
  83  6:29  Zealot  
  91  6:35  Zealot x2  
  91  6:36  Zealot  
  97  6:40  Zealot, Pylon  
  99  6:48  Probe  
  99  6:50  Probe  
  101  7:02  Immortal  
  101  7:04  Nexus  
  101  7:07  Pylon  
  105  7:14  Zealot x4  
  113  7:17  Zealot  
  113  7:19  Zealot  
  113  7:21  Zealot  
  119  7:23  Zealot  
  119  7:24  Probe  
  119  7:26  Probe  
  119  7:29  Probe  
  124  7:36  Probe  
  125  7:40  Probe  
  125  7:43  Pylon, Warp Prism  
  128  7:45  Pylon  
  128  7:47  Pylon  
  128  7:49  Pylon  
  128  7:50  Zealot x3  
  134  7:52  Zealot  
  136  8:00  Zealot  
  136  8:01  Zealot x3  
  144  8:10  Probe x2  
  144  8:11  Probe  
  147  8:13  Zealot x2  
  147  8:14  Zealot x2  
  147  8:19  Immortal  
  159  8:21  Probe  
  160  8:27  Zealot x4  
  168  8:43  Zealot  
  168  8:44  Zealot x3  
  176  8:50  Zealot x3  
  176  8:51  Zealot  
  182  9:00  Pylon x2  
  182  9:03  Zealot  
  182  9:05  Pylon  
  182  9:06  Pylon  
  182  9:09  Zealot  
  184  9:10  Zealot x2  
  188  9:18  Zealot x4  
  188  9:20  Probe x2  
  199  9:24  Zealot  
Show
View Real Time Build Order
Export as new Build Order

A.I. 1 (Very Easy) Terran - Winner!

Build Orders:  

Get SALT Encoding   

  12  0:00  SCV  
  13  0:13  SCV  
  14  0:18  Supply Depot  
  14  0:37  Refinery  
  14  0:42  Barracks  
  14  1:05  Supply Depot  
  14  1:11  SCV  
  14  1:21  Refinery  
  14  1:32  Orbital Command  
  14  1:33  Marine  
  15  1:57  SCV  
  16  2:03  Marine  
  17  2:09  SCV  
  18  2:22  SCV  
  19  2:33  Marine  
  19  2:34  SCV  
  21  2:46  SCV  
  22  2:58  SCV  
  22  3:03  Marine  
  22  3:33  Marine  
  22  5:21  SCV  
  23  5:39  Marine, SCV  
  23  5:41  Supply Depot  
  25  5:43  Factory  
  22  5:51  SCV  
  23  6:03  SCV  
  24  6:04  Supply Depot  
  24  6:12  Marine  
  24  6:15  SCV  
  26  6:27  SCV  
  27  6:32  Barracks Tech Lab, Starport  
  27  6:39  SCV  
  28  6:47  Command Center  
  28  6:50  Marine  
  29  7:09  Starport Tech Lab  
  29  7:24  Marauder  
  29  7:29  Raven  
  33  7:56  Marine  
  33  8:00  SCV  
  34  8:07  SCV  
  34  8:08  Refinery  
  34  8:12  Raven, Refinery  
  35  8:15  SCV  
  38  8:22  SCV  
  39  8:29  SCV  
  40  8:36  SCV  
  41  8:43  SCV  
  42  8:50  SCV  
  43  8:57  SCV  
  44  9:05  SCV  
  44  9:06  Marine  
  42  9:12  SCV  
  39  9:19  SCV  
  29  9:26  SCV  
  25  9:34  SCV  
  26  9:46  Supply Depot  
Tags
 
Add a new tag
Caveats
  • Supply blocks, unpowered buildings, or Contaminate may cause inaccurate times.
  • Supply counts are checked every 10 seconds.